 Dungeon Crawl Stone Soup version 0.27-a0-1442-g87b6fcb595 (webtiles) character file.

Game seed: 8447113165157826126

65 quinnr the Gusty (level 3, -1/19 HPs)
             Began as a Deep Elf Air Elementalist on July 4, 2021.
             Slain by a gnoll (3 damage)
             ... on level 4 of the Dungeon.
             The game lasted 00:04:51 (1761 turns).

quinnr the Gusty (Deep Elf Air Elementalist)        Turns: 1761, Time: 00:04:53

Health: -1/19      AC:  2    Str:  5    XL:     3   Next: 94%
Magic:  9/9        EV: 12    Int: 20    God:
Gold:   30         SH:  0    Dex: 15    Spells: 7/8 levels left

rFire    . . .     SeeInvis .   (no weapon)
rCold    . . .     Faith    .   (no shield)
rNeg     . . .     Spirit   .   a - +0 robe
rPois    .         Reflect  .   (no helmet)
rElec    .         Harm     .   (no cloak)
rCorr    .         Rampage  .   (no gloves)
Will     .....                  (no boots)
Stlth    ++........             (no amulet)
HPRegen  0.06/turn              (no ring)
MPRegen  0.11/turn              (no ring)

@: no status effects
A: no striking features
a: no special abilities


You were on level 4 of the Dungeon.
You visited 1 branch of the dungeon, and saw 3 of its levels.

You collected 50 gold pieces.
You spent 20 gold pieces at shops.

Inventory:

Armour
 a - a +0 robe (worn)
 f - a +2 kite shield of cold resistance
Scrolls
 b - 2 scrolls of identify
 c - a scroll of teleportation {unknown}
 d - a scroll of summoning
Potions
 e - a potion of curing {unknown}


   Skills:
 - Level 2.4 Dodging
 - Level 2.4 Stealth
 - Level 3.0 Spellcasting
 - Level 1.1 Conjurations
 * Level 4.9 Air Magic


You had 7 spell levels left.
You knew the following spells:

 Your Spells              Type           Power      Damage    Failure   Level
a - Shock                 Conj/Air       60%        1d6       4%          1

Your spell library contained the following spells:

 Spells                   Type           Power      Damage    Failure   Level
 Swiftness                Air            22%        N/A       5%          3
 Static Discharge         Conj/Air       15%        N/A       6%          2
 Airstrike                Air            11%        N/A       19%         4


Dungeon Overview and Level Annotations

Branches:
Dungeon (2/15)

Altars:

Shops:
D:2 ?=*


Message History

Your hobgoblin's corpse dissolves into shadows!
Your ball python bites the ogre.
The gnoll hits your orc priest with a +0 flail.
The ogre hits your ball python with a +0 giant club!
Your ball python dies!
Your ball python's corpse dissolves into shadows!
Your giant cockroach bites the bush but does no damage.
The gnoll hits your orc priest with a +0 spear.
Your orc priest barely misses the gnoll.
You see here 14 gold pieces.
Your orc barely misses the gnoll.
Your giant cockroach bites the bush but does no damage.
The gnoll barely misses your orc priest.
The ogre hits the bush with a +0 giant club!!
The gnoll hits your orc priest with a +0 spear.
Your orc priest closely misses the gnoll.
Unknown command.
You hit the bush.
The bush is lightly damaged.
Your giant cockroach bites the bush but does no damage.
The gnoll closely misses your orc.
Your orc barely misses the gnoll.
The gnoll hits your orc priest with a +0 flail.
Your orc priest dies!
Your orc priest's corpse dissolves into shadows!
Something hits your orc.
The ogre hits the bush with a +0 giant club!
Your giant cockroach bites the bush but does no damage.
The gnoll shouts!
Unknown command.
Unknown command.
Your giant cockroach completely misses the bush.
The gnoll hits the bush with a +0 spear!
Something hits the bush.
Your giant cockroach bites the bush but does no damage.
The gnoll hits the bush but does no damage. x2
The gnoll hits you with a +0 halberd of freezing!
Ouch! That really hurt!
* * * LOW HITPOINT WARNING * * *
The gnoll freezes you.
You die... . ..P # P.PPPPP.# P.P...P.# P P.P.P.P.# P.P...P.P.# P.P.PPPPP.P.# P....OP...P.# .PPP.P.P.P.# P P.PoPB@.# PPP.P.PgP.Pg# ......P.P.P.# PPPPPPPgPPPg###

##.gg.g...
#........
#........
#........
#........


You could see 7 gnolls, a friendly orc (summoned) and a friendly giant cockroach
(summoned).

Vanquished Creatures
  An adder (D:2)
  2 dart slugs (D:1)
  4 ball pythons
  8 bats
  4 endoplasms
  5 giant cockroaches
  2 goblins (D:1)
  2 hobgoblins (D:2)
  6 jackals (D:1)
  2 quokkas (D:1)
  4 frilled lizards
  7 kobolds
  A rat (D:1)
48 creatures vanquished.

Notes
Turn   | Place    | Note
-------+----------+-------------------------------------------
     0 | D:1      | quinnr the Deep Elf Air Elementalist began the quest for
                  | the Orb.
     0 | D:1      | Reached XP level 1. HP: 10/10 MP: 6/6
    15 | D:1      | Reached XP level 2. HP: 11/15 MP: 0/8
   401 | D:1      | Reached skill level 4 in Air Magic
   554 | D:1      | Reached XP level 3. HP: 19/19 MP: 4/9
   839 | D:1      | Found a faded altar of an unknown god.
  1322 | D:2      | Found Nuarr's Magic Scroll Shop.
  1348 | D:2      | Bought a scroll of identify for 20 gold pieces
  1353 | D:2      | Found Ugederah's Jewellery Emporium.
  1478 | D:2      | Found Wesirhiy's General Store.
  1750 | D:2      | You fall into a shaft and drop 2 floors!
  1751 | D:4      | Noticed an ogre
  1761 | D:4      | Slain by a gnoll

Illustrated notes

Levels and vault maps discovered:
D:1:      dpeg_arrival_stonehenge_8_columns, layout_loops_ring,
          hellmonk_ecumenical_altar_run_dry, grunt_decor_clamped, st_stairs_6,
          chequers_serial_rivers_micro_c
D:2:      layout_basic, serial_shops, nicolae_shop_waterfront, shop,
          nicolae_shop_temple_entry_statues_fountains, nicolae_shop_waterfront,
          nicolae_shop_overgrown_old_shop, uniq_crazy_yiuf_cottage,
          uniq_terence, uniq_sigmund
D:4:      layout_basic, minmay_temple_entry_mist, serial_shops, shop_fountains,
          minmay_hedge_maze, minmay_shop_grid_forest, uniq_blork_the_orc

Skill      XL: |  1  2 |
---------------+-------+-----
Air Magic      | 4 |  4.9
Dodging        | |  2.4
Stealth        | |  2.4
Spellcasting   | |  3.0
Conjurations   | |  1.1

Action                   || total
-------------------------++-------
Melee: Unarmed           ||     2
 Cast: Shock             ||    93
  Use: Scroll            ||     2
Armor: Robe              ||     4
Dodge: Dodged            ||    12

Table legend: (Time is in decaauts)
 A = Elapsed time spent in this place.
 B = Non-inter-level travel time spent in this place.
 C = Inter-level travel time spent in this place.
 D = Time resting spent in this place.
 E = Time spent auto-exploring this place.
 F = Levels seen in this place.
 G = Mean time per level.
                   A        B        C        D        E       F      G
               +--------+--------+--------+--------+--------+-----+--------+
         Total |   1761 |   1740 |     21 |      0 |   1547 |   3 |  587.0 |
       Dungeon |   1761 |   1740 |     21 |      0 |   1547 |   3 |  587.0 |
               +--------+--------+--------+--------+--------+-----+--------+

Top non-repeatable levels by time:
     D:1: 1289 daAuts
     D:2: 461 daAuts
     D:4: 10 daAuts
